 Dungeon Crawl Stone Soup version 0.17.1-1-g73c8601 (webtiles) character file.

1141 Peloso the Shield-Bearer (level 8, -9/70 HPs)
             Began as a Minotaur Fighter on Jan 9, 2016.
             Was a Believer of Okawaru.
             Killed from afar by an orc warrior (28 damage)
             ... with a wand of draining
             ... on level 6 of the Dungeon.
             The game lasted 00:14:20 (5001 turns).

Peloso the Shield-Bearer (Minotaur Fighter)         Turns: 5001, Time: 00:14:20

Health: -9/70      AC: 15    Str: 21    XL:     8   Next: 14%
Magic:  16/16      EV:  6    Int:  5    God:    Okawaru [**....]
Gold:   308        SH: 10    Dex: 12    Spells: 0 memorised, 7 levels left

rFire  . . .     SeeInvis +     a - +0 long sword
rCold  . . .     Clarity  .     m - +0 chain mail
rNeg   . . .     SustAt   .     c - +0 shield
rPois  .         Gourm    .     (helmet restricted)
rElec  .         Spirit   .     s - +0 cloak
rCorr  .         Warding  .     w - +0 pair of gloves
rMut   .         Stasis   .     q - +2 pair of boots
MR     .....                    (no amulet)
Stlth  ..........               z - ring of see invisible
                                x - ring of magical power

@: heavily drained, not resistant to hostile enchantments, extremely unstealthy
A: retaliatory headbutt, horns 2
a: Heroism, Renounce Religion


You were on level 6 of the Dungeon.
You worshipped Okawaru.
Okawaru was pleased with you.
You were not hungry.

You visited 2 branches of the dungeon, and saw 7 of its levels.

You collected 308 gold pieces.

Inventory:

Hand Weapons
 a - a +0 long sword (weapon)
 v - a +2 scythe of holy wrath
Armour
 b - a +0 scale mail
 c - a +0 shield (worn)
 m - a +0 chain mail (worn)
 q - a +2 pair of boots (worn)
 s - a +0 cloak (worn)
 w - a +0 pair of gloves (worn)
Jewellery
 x - a ring of magical power (left hand)
 z - a ring of see invisible (right hand)
Scrolls
 f - 10 scrolls of identify {unknown}
 g - 3 scrolls of immolation {unknown}
 i - 3 scrolls of remove curse {unknown}
 k - 4 scrolls of recharging {unknown}
 l - a scroll of magic mapping {unknown}
 r - 2 scrolls of amnesia {unknown}
 y - a scroll of teleportation {unknown}
 A - a scroll of enchant armour {unknown}
 C - a scroll of enchant weapon {unknown}
 F - a scroll of blinking {unknown}
Potions
 d - a potion of might
 j - 3 potions of heal wounds {unknown}
 n - 2 potions of cancellation {unknown}
 o - 2 potions of curing {unknown}
 p - a potion of beneficial mutation {unknown}
 t - a potion of haste
 D - 2 potions of agility {unknown}
 G - a potion of degeneration {unknown}
Books
 B - a book of Alchemy

   Spells                             Type                      Level
   a - Sublimation of Blood           Necromancy                   2
   b - Ignite Poison                  Fire/Transmutation/Poison    3
   c - Alistair's Intoxication        Transmutation/Poison         4
   d - Condensation Shield            Ice                          4
   e - Petrify                        Transmutation/Earth          4
   f - Irradiate                      Conjuration/Transmutation    5
Comestibles
 e - 3 bread rations
 h - 7 fruits
 u - a meat ration
 E - a slice of pizza
 H - 6 chunks of flesh


   Skills:
 + Level 5.8(4.0) Fighting
 + Level 5.7(3.9) Long Blades
 + Level 6.6(4.8) Armour
 + Level 3.2(1.5) Dodging
 + Level 0.5(0.0) Stealth
 + Level 7.1(5.3) Shields


You had 7 spell levels left.
You didn't know any spells.

Dungeon Overview and Level Annotations

Branches:
Dungeon (6/15)             Temple (1/1) D:5

Altars:
Ashenzari
Dithmenos
Elyvilon
Fedhas
Okawaru
Qazlal
Ru
Sif Muna
Trog
Vehumet
Xom

Annotations:
D:6 exclusion: oklob plant


Innate Abilities, Weirdness & Mutations

You reflexively headbutt those who attack you in melee.
You have a pair of horns on your head.


Message History

The orc warrior is lightly wounded.
The orc warrior barely misses you.
You hit the orc warrior but do no damage.
You block the orc warrior's attack.
The orc warrior zaps a wand.
The bolt of negative energy hits you!
You feel drained.
* * * LOW HITPOINT WARNING * * *
You hit the orc warrior.
The orc warrior is lightly wounded.
You block the orc warrior's attack.
You closely miss the orc warrior.
The orc warrior is lightly wounded.
You block the orc warrior's attack.
You barely miss the orc warrior.
The orc warrior is lightly wounded.
The orc warrior barely misses you.
You hit the orc warrior but do no damage.
The orc warrior is lightly wounded.
The orc warrior zaps a wand.
The bolt of negative energy hits you!
You feel drained.
You die...

###########
#.........# #.#
#.........# #.# #
..........# .... .#
..........# #.#.# .#
..........# #.#.#[.#
.)........####.#.#..#
................o.>.#
....<.....##.#.#@#
_.+#########.#.#.#
...............#.#.#
.....#######.#.....#
####.# #.#.#.### .#
#.# #.#.#... .###.#
#.#.#.### .....##
#.#.#.# ......#
#.#.#.#


You could see an orc warrior.

Vanquished Creatures
  An ogre (D:5)
  A sky beast (D:5)
  A centaur (D:5)
  Blork the orc (D:5)
  A giant frog (D:6)
  A wyvern skeleton (D:6)
  A scorpion (D:6)
  3 crimson imps
  2 hounds
  3 orc priests
  An orc wizard (D:5)
  Crazy Yiuf (D:3)
  A jelly (D:6)
  3 worker ants
  Terence (D:3)
  An iguana (D:5)
  4 adders
  A worker ant zombie (D:6)
  2 shadow imps
  2 oozes (D:1)
  2 adder skeletons
  3 worms
  2 giant geckos
  18 orcs
  A ball python (D:5)
  2 bats
  2 giant cockroaches
  3 goblins (D:3)
  5 hobgoblins
  14 jackals
  2 quokkas
  3 giant newts
  6 kobolds
  6 rats
101 creatures vanquished.

Notes
Turn   | Place    | Note
--------------------------------------------------------------
     0 | D:1      | Peloso the Minotaur Fighter began the quest for the Orb.
     0 | D:1      | Reached XP level 1. HP: 19/19 MP: 0/0
   173 | D:1      | Reached skill level 4 in Shields
   391 | D:1      | Reached XP level 2. HP: 21/27 MP: 1/1
  1128 | D:2      | Reached XP level 3. HP: 33/33 MP: 2/2
  1528 | D:3      | Noticed Crazy Yiuf
  1533 | D:3      | Killed Crazy Yiuf
  1533 | D:3      | Reached XP level 4. HP: 38/41 MP: 3/3
  1784 | D:3      | Reached XP level 5. HP: 40/47 MP: 4/4
  2172 | D:3      | Noticed Terence
  2181 | D:3      | Killed Terence
  2181 | D:3      | Reached skill level 5 in Armour
  2181 | D:3      | Reached skill level 5 in Shields
  2290 | D:4      | Reached skill level 1 in Dodging
  2474 | D:4      | Found a white marble altar of Elyvilon.
  2664 | D:4      | Found a radiant altar of Vehumet.
  2664 | D:4      | Found a blossoming altar of Fedhas.
  2965 | D:5      | Entered Level 5 of the Dungeon
  3135 | D:5      | Found a staircase to the Ecumenical Temple.
  3145 | Temple   | Entered the Ecumenical Temple
  3151 | Temple   | Became a worshipper of Warmaster Okawaru
  3205 | D:5      | Reached XP level 6. HP: 46/55 MP: 5/5
  3311 | D:5      | Noticed a sky beast
  3333 | D:5      | Killed a sky beast
  3333 | D:5      | Reached skill level 5 in Fighting
  3333 | D:5      | Reached skill level 6 in Shields
  3369 | D:5      | Noticed an ogre
  3377 | D:5      | Killed an ogre
  3377 | D:5      | Reached * piety under Okawaru
  3377 | D:5      | Reached XP level 7. HP: 42/61 MP: 6/6
  3387 | D:5      | Noticed Blork the orc
  3397 | D:5      | Killed Blork the orc
  3959 | D:5      | Reached skill level 5 in Long Blades
  4517 | D:6      | Found a deep blue altar of Sif Muna.
  4517 | D:6      | Found a bloodstained altar of Trog.
  4523 | D:6      | Found a shattered altar of Ashenzari.
  4590 | D:6      | Reached skill level 7 in Shields
  4737 | D:6      | Reached XP level 8. HP: 57/70 MP: 7/7
  4769 | D:6      | Found a shimmering altar of Xom.
  4769 | D:6      | Noticed an oklob plant
  4793 | D:6      | Reached ** piety under Okawaru
  5001 | D:6      | Killed from afar by an orc warrior

Action                   |  1- 3 |  4- 6 |  7- 9 || total
-------------------------+-------+-------+-------++-------
Melee: Long sword        |    61 |   162 |   113 ||   336
  Eat: Chunk             |     1 |     7 |     5 ||    13
